 Dungeon Crawl Stone Soup version 0.23.0 (webtiles) character file.

Game seed: 10027874349523677718

298 Folque the Magician (level 6, -1/32 HPs)
             Began as a Deep Elf Air Elementalist on Feb 15, 2019.
             Killed from afar by an orc wizard (9 damage)
             ... with a puff of flame
             ... on level 3 of the Dungeon.
             The game lasted 00:13:51 (3824 turns).

Folque the Magician (Deep Elf Air Elementalist)     Turns: 3824, Time: 00:13:51

Health: -1/32      AC:  3    Str:  5    XL:     6   Next: 13%
Magic:  11/14      EV: 15    Int: 22    God:
Gold:   247        SH:  0    Dex: 15    Spells: 3/14 levels left

rFire    . . .     SeeInvis .   t - +2 dagger (venom)
rCold    . . .     Gourm    .   (no shield)
rNeg     . . .     Faith    .   a - +0 robe
rPois    .         Spirit   .   (no helmet)
rElec    .         Reflect  .   (no cloak)
rCorr    .         Harm     .   (no gloves)
MR       .....                  b - +0 pair of boots
Stlth    ++........             (no amulet)
HPRegen  0.10/turn              j - +2 ring of evasion
MPRegen  0.14/turn              (no ring)

@: no status effects
A: no striking features
a: no special abilities


You were on level 3 of the Dungeon.
You were very hungry.

You visited 1 branch of the dungeon, and saw 4 of its levels.

You collected 247 gold pieces.

Inventory:

Hand Weapons
 f - a +0 mace
 h - a +0 short sword
 r - a +0 quarterstaff
 s - a +1 hand axe of electrocution
 t - a +2 dagger of venom (weapon)
 u - a +0 blowgun
Missiles
 v - 6 poisoned needles
Armour
 a - a +0 robe (worn)
 b - a +0 pair of boots (worn)
Jewellery
 j - a +2 ring of evasion (left hand)
Scrolls
 d - 3 scrolls of remove curse {unknown}
 e - a scroll of identify
 g - 2 scrolls of noise {unknown}
 m - a scroll of immolation
 o - 2 scrolls of random uselessness {unknown}
 p - a scroll of blinking {unknown}
Potions
 i - 5 potions of heal wounds
 k - a potion of curing {unknown}
 l - a potion of haste
 n - 3 potions of brilliance
 q - a potion of mutation {unknown}
Comestibles
 c - 10 rations


   Skills:
 + Level 3.3 Dodging
 - Level 2.4 Stealth
 + Level 4.5 Spellcasting
 * Level 4.3 Conjurations
 - Level 1.1 Charms
 + Level 4.4 Air Magic


You had 3 spell levels left.
You knew the following spells:

 Your Spells              Type           Power        Failure   Level  Hunger
a - Shock                 Conj/Air       ###.         1%          1    None
b - Swiftness             Chrm/Air       ###.....     4%          2    #......
c - Static Discharge      Conj/Air       ###.....     5%          3    ##.....
d - Lightning Bolt        Conj/Air       ###.......   43%         5    ######.

Your spell library contained the following spells:

 Spells                   Type           Power        Failure   Level  Hunger
 Airstrike                Air            ###.......   17%         4    ####...


Dungeon Overview and Level Annotations

Branches:
Dungeon (4/15)
 Temple: D:4-7

Altars:


Message History

The howler monkey is moderately wounded.
The howler monkey closely misses you. The orc hits you with a +0 morningstar.
You bump into the rock wall.
The howler monkey closely misses you.
An orc opens the door.
You miss the howler monkey.
The howler monkey is severely wounded.
You feel less confused. The howler monkey hits you.
* * * LOW HITPOINT WARNING * * *
Casting: Shock (safe; 1% risk of failure)
Confirm with . or Enter, or press ? or * to list all spells.
The orc is struck by an arc of lightning.
The orc is almost dead.
You are struck by an arc of lightning.
* * * LOW HITPOINT WARNING * * *
The lightning grounds out.
The howler monkey closely misses you.
You hear some strange, mumbled words.
A puff of flame appears from out of thin air!
The puff of flame hits you!
You die...

.# #..#)..## #.#..#
#####..#...# ##.#..#
.......#...######..#..#
#####.(....)..........###
...............#.#......#
.....##.#.####.#.#......#
#######.#.# #..{'.....[#
#####.#.######.#.....[#
#............h@o......#
#......#########......#
#......# #......#
#......# #......#
#.######### #......#
#.........# ########
#.........# #.........#
#.........#


You could see a howler monkey and an orc.

Vanquished Creatures
  A howler monkey (D:3)
  A hound (D:4)
  An orc wizard (D:3)
  10 adders
  An ooze (D:2)
  3 worms (D:2)
  A dart slug (D:3)
  3 leopard geckos
  8 orcs (D:3)
  3 giant cockroaches
  7 goblins
  11 hobgoblins
  5 jackals
  3 quokkas
  9 bats
  6 frilled lizards
  11 kobolds
  11 rats
95 creatures vanquished.

Notes
Turn   | Place    | Note
-------+----------+-------------------------------------------
     0 | D:1      | Folque the Deep Elf Air Elementalist began the quest for
                  | the Orb.
     0 | D:1      | Reached XP level 1. HP: 10/10 MP: 6/6
   321 | D:1      | Reached XP level 2. HP: 8/15 MP: 6/8
   659 | D:1      | Learned a level 2 spell: Swiftness
   687 | D:1      | Reached XP level 3. HP: 6/19 MP: 8/10
   695 | D:1      | Learned a level 3 spell: Static Discharge
  1064 | D:2      | Reached skill level 1 in Charms
  1347 | D:2      | Reached XP level 4. HP: 17/24 MP: 5/11
  2414 | D:3      | Reached XP level 5. HP: 20/28 MP: 10/12
  2882 | D:3      | Learned a level 5 spell: Lightning Bolt
  3282 | D:4      | Reached XP level 6. HP: 29/32 MP: 6/14
  3824 | D:3      | Killed from afar by an orc wizard

Skill      XL: |  1  2  3  4  5 |
---------------+----------------+-----
Conjurations   | 2 3 4 |  4.3
Charms         | 1 |  1.1
Air Magic      | 4 |  4.4
Spellcasting   | 4 |  4.5
Dodging        | 3 |  3.3
Stealth        | |  2.4

Action                   |  1- 3 |  4- 6 || total
-------------------------+-------+-------++-------
Melee: Mace              |    17 |       ||    17
       Unarmed           |     8 |       ||     8
       Short sword       |    28 |    73 ||   101
       Dagger            |       |    33 ||    33
       Quarterstaff      |       |    17 ||    17
       Hand axe          |       |     2 ||     2
 Cast: Shock             |    56 |    54 ||   110
       Static Discharge  |       |     6 ||     6
       Lightning Bolt    |       |     1 ||     1
  Use: Scroll            |       |     5 ||     5
 Stab: Sleeping          |     4 |     4 ||     8
  Eat: Chunk             |     1 |     8 ||     9
Armor: Robe              |    25 |    25 ||    50
Dodge: Dodged            |    65 |   123 ||   188
